 Dungeon Crawl Stone Soup version 0.17.0-24-gcfadda4 (webtiles) character file.

37 Banto the Ruffian (level 3, 0/27 (30) HPs)
             Began as a Ghoul Skald on Nov 17, 2015.
             Slain by Crazy Yiuf
             ... wielding a +2 quarterstaff of chaos
              (3 damage)
             ... while paralysed by Crazy Yiuf
             ... on level 2 of the Dungeon.
             The game lasted 00:03:25 (1699 turns).

Banto the Ruffian (Ghoul Skald)                     Turns: 1699, Time: 00:03:25

HP:   0/27 (30)     AC:  6    Str: 15    XL:     3   Next: 41%
MP:   4/4           EV:  2    Int:  7    God:
Gold: 73            SH:  0    Dex:  9    Spells: 1 memorised, 4 levels left

rFire  . . .     SeeInvis .       - Unarmed
rCold  + . .     Clarity  .     a - +0 leather armour
rNeg   + + +     SustAt   .     (no shield)
rPois  ∞         Gourm    .     m - +2 helmet
rElec  .         Spirit   .     (no cloak)
rCorr  .         Warding  .     (no gloves)
rMut   .         Stasis   .     (no boots)
MR     .....                    (no amulet)
Stlth  +.........               (no ring)
                                (no ring)

@: paralysed, very slightly contaminated, rotting, hasted, not resistant to
hostile enchantments, very unstealthy
A: rotting body, claws 1, carnivore 3, cold resistance 1, negative energy
resistance 3, slow regeneration 1, torment resistance, unbreathing
a: no special abilities


You were on level 2 of the Dungeon.
You were not hungry.

You visited 1 branch of the dungeon, and saw 2 of its levels.

You collected 73 gold pieces.

Inventory:

Armour
 a - a +0 leather armour (worn)
 m - a +2 helmet (worn)
Jewellery
 k - an uncursed ring of ice
Potions
 d - a potion of agility {unknown}
 e - a potion of curing {unknown}
 f - a potion of poison {unknown}
 i - a potion of haste {unknown}
 o - 2 potions of lignification {unknown}
Books
 b - a book of Battle

   Spells                             Type                      Level
   a - Infusion                       Charms                       1
   b - Shroud of Golubria             Charms/Translocation         2
   c - Song of Slaying                Charms                       2
   d - Spectral Weapon                Hexes/Charms                 3
   e - Regeneration                   Charms/Necromancy            3
 g - a book of Beasts

   Spells                             Type                      Level
   a - Summon Butterflies             Summoning                    1
   b - Call Canine Familiar           Summoning                    3
   c - Summon Ice Beast               Ice/Summoning                4
   d - Summon Mana Viper              Hexes/Summoning              5
   e - Summon Hydra                   Summoning                    7
Comestibles
 c - 4 meat rations
 n - a royal jelly


   Skills:
 + Level 2.8 Fighting
 - Level 0.8 Armour
 - Level 0.8 Dodging
 * Level 3.6 Unarmed Combat
 - Level 1.7 Spellcasting
 - Level 2.6 Charms


You had 4 spell levels left.
You knew the following spells:

 Your Spells              Type           Power        Failure   Level  Hunger
a - Infusion              Chrm           #.....       17%         1    ##.....


Dungeon Overview and Level Annotations

Branches:
Dungeon (2/15)

Altars:
Yredelemnul

Annotations:
D:2 1 runed door, Crazy Yiuf


Innate Abilities, Weirdness & Mutations

Your body is rotting away.
You thrive on raw meat.
You are immune to poison.
You have sharp fingernails.
You are carnivorous and can eat meat at any time.
Your flesh is cold resistant.
You are immune to negative energy.
You regenerate slowly when monsters are visible.
You are immune to unholy pain and torment.
You can survive without breathing.


Message History

You climb downwards.
Level annotation: 1 runed door, Crazy Yiuf Crazy Yiuf says, "Announcement!"
Crazy Yiuf hits you with a quarterstaff of chaos!
You feel yourself speed up.
You are very lightly contaminated with residual magic.
Crazy Yiuf hits you with a quarterstaff of chaos.
There is a stone staircase leading up here.
Unknown command.
Unknown command.
You scratch Crazy Yiuf.
Crazy Yiuf is moderately wounded.
You closely miss Crazy Yiuf.
Crazy Yiuf is moderately wounded.
Crazy Yiuf hits you with a quarterstaff of chaos.
You suddenly lose the ability to move!
Crazy Yiuf hits you with a quarterstaff of chaos!
* * * LOW HITPOINT WARNING * * *
Crazy Yiuf hits you with a quarterstaff of chaos.
You die...

##..#.......# #####
###......####.##
.....##....##..# #..#
......#.#.....## ##.#
..........##### #.##
####....<## #..#
#...#.# ##)## #....g#
#.... # ###
#...@>###########....
## ###..)#
#.................)..
.####g'...#
#....#########.......
..#..##...#
#.....###......##....
.#.### ###
#..........(..#....##
####
#..).##.÷####....###
#................# #
######
###..#.....####.#.##
# .....>
#.......##.####.#.# #


You could see Crazy Yiuf.

Vanquished Creatures
  An ooze (D:2)
  3 giant geckos (D:1)
  5 bats (D:1)
  2 giant cockroaches (D:1)
  6 goblins
  5 hobgoblins
  A giant newt (D:1)
  A jackal skeleton (D:2)
  2 kobolds (D:2)
  4 rats
30 creatures vanquished.

Notes
Turn   | Place    | Note
--------------------------------------------------------------
     0 | D:1      | Banto the Ghoul Skald began the quest for the Orb.
     0 | D:1      | Reached XP level 1. HP: 17/17 MP: 2/2
   278 | D:1      | Reached XP level 2. HP: 25/25 MP: 3/3
   351 | D:1      | Reached skill level 3 in Unarmed Combat
   772 | D:1      | Reached XP level 3. HP: 28/30 MP: 4/4
   907 | D:2      | Found a runed door.
   907 | D:2      | Noticed a human
   920 | D:2      | Found a basalt altar of Yredelemnul.
  1209 | D:2      | Noticed Crazy Yiuf
  1696 | D:2      | Paralysed by Crazy Yiuf for 5 turns
  1699 | D:2      | Slain by Crazy Yiuf

Action                   || total
-------------------------++-------
Melee: Unarmed           ||   160
  Use: Scroll            ||     4
  Eat: Chunk             ||     3
